 Dungeon Crawl Stone Soup version 0.30-a0-748-ge6a52f7cba (webtiles) character file.

Game seed: 11215163297451323953

81 MackTheKnife the Sneak (level 4, -3/30 HPs)
             Began as a Vampire Wanderer on Feb 8, 2023.
             Killed from afar by an orc wizard (8 damage)
             ... with a magic dart
             ... on level 2 of the Dungeon.
             The game lasted 00:04:36 (1823 turns).

MackTheKnife the Sneak (Vampire Wanderer)           Turns: 1823, Time: 00:04:36

Health: -3/30      AC:  2    Str: 10    XL:     4   Next: 20%
Magic:  3/6        EV: 10    Int: 17    God:
Gold:   103        SH:  4    Dex: 13    Spells: 3/5 levels left

rFire   . . .      SeeInvis +    a - +0 dagger {short}
rCold   . . .      Faith    +    d - +0 buckler
rNeg    . . .      Spirit   .    f - +0 robe
rPois   .          Reflect  .    (no helmet)
rElec   .          Harm     .    (no cloak)
rCorr   .          Rampage  .    (no gloves)
Will    .....                    (no boots)
Stlth   +++                      h - amulet of faith {!P}
HPRegen 0.45/turn                (no ring)
MPRegen 0.10/turn                (no ring)

@: healing quickly, invisible
A: alive, fangs 3, see invisible, vampiric 2
a: Exsanguinate


You were on level 2 of the Dungeon.
You visited 1 branch of the dungeon, and saw 3 of its levels.

You collected 103 gold pieces.


Innate Abilities, Weirdness & Mutations

Your natural rate of healing is accelerated.
You have razor-sharp teeth.
You have supernaturally acute eyesight. (SInv)
You are afflicted with vampirism and can become a bat while bloodless.


   Skills:
 - Level 1.0 Armour
 - Level 5.8 Stealth
 - Level 1.9 Shields
 + Level 1.4 Spellcasting
 + Level 2.0 Air Magic
 + Level 2.7 Poison Magic
 - Level 1.0 Evocations


You had 3 spell levels left.
You knew the following spells:

 Your Spells              Type           Power      Damage    Failure   Level
a - Poisonous Vapours     Pois/Air       18%        N/A       16%         2

Your spell library contained the following spells:

 Spells                   Type           Power      Damage    Failure   Level
 Cigotuvi's Dreadful Rot  Necr/Pois/Air  12%        N/A       22%         2
 Kiss of Death            Conj/Necr      4%         2d5       26%         1
 Confusing Touch          Hex            1%         N/A       63%         3
 Dispel Undead            Necr           1%         3d6       95%         4

Inventory:

Hand Weapons
 a - a +0 dagger (weapon) {short}
Missiles
 b - 2 atropa-tipped darts {throwing}
 c - a datura-tipped dart {throwing}
Armour
 d - a +0 buckler (worn)
 f - a +0 robe (worn)
Jewellery
 h - an amulet of faith (around neck) {!P}
   (You found it on level 1 of the Dungeon)
Scrolls
 e - 2 scrolls of vulnerability {!r!r}
 g - 2 scrolls of identify {unknown}
 j - a scroll of immolation {unknown}
 k - a scroll of teleportation {unknown}
Potions
 l - a potion of magic {unknown}

Dungeon Overview and Level Annotations

Branches:
Dungeon (3/15) Zot: 16158

Altars:

#....รท...# #.#
#......# #........#
#.# #....###
#######..# #.#
####....# ##.## #.#
#......## #..## #.#
#......##
##..####.###.......#
##...##...........#
###....o##.......#
###o@.##########
#####


You could see an orc priest (unable to see you) and an orc wizard (unable to see
you).


Message History

๐Ÿ˜Ž MP[-2]
You lost 2 mp, and now have 4/6 mp.
You kill the frilled lizard!
No target in view!
No target in view!
No target in view!
No target in view!
No target in view!
No target in view!
No target in view!
No target in view!
No target in view!
No target in view!
You see here a frilled lizard corpse.
Found an escape hatch in the ceiling.
You now have 103 gold pieces (gained 8). ๐Ÿ˜Ž MP[+2]
Your mp is fully restored (6).
You see here a frilled lizard corpse.
An orc comes into view. It is wielding a +0 whip.
An orc is nearby!
An orc is nearby!
You miscast Poisonous Vapours.
You are very lightly contaminated with residual magic.
Nothing appears to happen.
The orc shouts!
You hear a shout! x3 ๐Ÿ˜Ž MP[-2]
You lost 2 mp, and now have 4/6 mp.
Poisonous vapours surround the orc!
The orc is poisoned.
An orc wizard comes into view. It is wielding a +0 dagger. ๐Ÿ˜Ž MP[-2]
You lost 2 mp, and now have 2/6 mp.
Unknown command.
An orc comes into view. It is wielding a +0 trident.
The orc moves out of view.
You barely miss the orc.
An orc comes into view. It is wielding a +0 morningstar.
The orc hits you with a +0 whip. ๐Ÿ˜• HP[-4]
You take 4 damage, and now have 26/30 hp.
The orc wizard shouts!
You hit the orc. The orc barely misses you.
The orc hits you but does no damage. ๐Ÿ˜• HP[+1]
You completely miss the orc.
You kill the orc!
The orc wizard points at you and mumbles some strange words.
You are confused.
Your magical contamination has completely faded away. ๐Ÿ˜• HP[+1] Unknown command.
You hit the orc.
Unknown command.
You bump into the rock wall.
The orc wizard casts a spell at you. You resist with some effort.
The orc hits you with a +0 morningstar! ๐Ÿ˜ฎ HP[-9]
You take 9 damage, and now have 19/30 hp.
MASSIVE DAMAGE!! (PAUSE)
The orc wizard attacks as you move away!
The orc wizard hits you with a +0 dagger. ๐Ÿ˜ฎ HP[-3] MP[+1]
You take 3 damage, and now have 16/30 hp.
Unknown command.
You closely miss the orc wizard.
You feel less confused.
You block the orc priest's attack. ๐Ÿ˜ฎ HP[+1] Unknown command.
You can't go up here!
The orc priest attacks as you move away!
The orc priest hits you with a +0 hand axe.
* * * LOW HITPOINT WARNING * * *
There is a stone staircase leading up here. ๐Ÿ˜จ HP[-6]
You take 6 damage, and now have 11/30 hp.
Unknown command.
You block the orc's attack.
You climb upwards.
There is a stone staircase leading down here. ๐Ÿ˜จ HP[+1] Unknown command.
Casting: Poisonous Vapours (safe; 16% risk of failure)
Confirm with . or Enter, or press ? or * to list all spells.
Okay, then.
Okay, then.
It was a potion of invisibility.
You fade into invisibility!
The orc wizard barely misses you. ๐Ÿ˜จ HP[+1]
You catch the helpless orc wizard completely off-guard!
You puncture the orc wizard! You block the orc priest's attack.
The orc wizard casts a spell at something.
You closely miss the orc wizard. Your bite misses the orc wizard.
The orc priest calls down the wrath of Beogh upon you.
Beogh smites you!
* * * LOW HITPOINT WARNING * * *
The orc wizard casts a spell at you. The magic dart hits you!
You die...

Skill      XL: |  1  2  3  4 |
---------------+-------------+-----
Poison Magic   | 2 |  2.7
Air Magic      | 1 2 |  2.0
Armour         | |  1.0
Stealth        | |  5.8
Shields        | |  1.9
Spellcasting   | |  1.4
Evocations     | |  1.0

Action                     |  1- 3 |  4- 6 || total
---------------------------+-------+-------++-------
  Melee: Dagger            |   200 |    29 ||   229
         Bite              |    25 |     1 ||    26
   Cast: Poisonous Vapours |    18 |     7 ||    25
    Use: Potion            |       |     1 ||     1
   Stab: Sleeping          |     7 |       ||     7
         Invisible         |       |     1 ||     1
 Armour: Robe              |    49 |     4 ||    53
  Dodge: Dodged            |    95 |     9 ||   104
  Block: Buckler           |    51 |     5 ||    56

Levels and vault maps discovered:
D:1:      minmay_arrival_semitransparent, layout_loops_cross,
          dreamdust_ecumenical_altar_drowned_temple
D:2:      layout_basic, reono_crystal_passage
D:3:      layout_rooms, mainiacjoe_overflow_chevrons, lemuel_blue_sif_altar,
          nicolae_overflow_crystal_walls

Notes
Turn   | Place    | Note
-------+----------+-------------------------------------------
     0 | D:1      | MackTheKnife the Vampire Wanderer began the quest for the
                  | Orb.
     0 | D:1      | MackTheKnife set off with the following items: a +0 dagger
                  | {short}, 2 atropa-tipped darts {throwing}, a datura-tipped
                  | dart {throwing}, a +0 buckler, a scroll of vulnerability
                  | {!r!r}, a +0 robe; and the following spells available to
                  | memorise: Poisonous Vapours, Cigotuvi's Dreadful Rot.
     0 | D:1      | Reached XP level 1. HP: 13/13 MP: 2/2
     0 | D:1      | magus.rc [v1.9.6]
     0 | D:1      | magus.rc [v1.9.6]
   210 | D:1      | Reached XP level 2. HP: 19/19 MP: 3/3
   213 | D:1      | Learned a level 2 spell: Poisonous Vapours
   363 | D:1      | Found a faded altar of an unknown god.
   396 | D:1      | Reached skill level 2 in Poison Magic
   598 | D:1      | Reached skill level 1 in Air Magic
   801 | D:2      | HP: 4/19 [poisoned by an adder]
   802 | D:2      | Gained mutation: You are afflicted with vampirism and can
                  | become a bat while bloodless. [Vampire growth]
   802 | D:2      | Reached XP level 3. HP: 5/24 MP: 2/4
  1027 | D:2      | You pick up a book of Touch and begin reading...
  1027 | D:2      | You add the spells Kiss of Death, Confusing Touch and
                  | Dispel Undead to your library.
  1356 | D:2      | HP: 5/24 [worm (8)]
  1497 | D:2      | Reached XP level 4. HP: 26/30 MP: 2/6
  1602 | D:2      | Reached skill level 2 in Air Magic
  1823 | D:2      | HP: 5/30 [orc priest/divine providence (9)]
  1823 | D:2      | Killed from afar by an orc wizard

Vanquished Creatures
  2 adders (D:2)
  2 worms (D:2)
  A dart slug (D:2)
  2 orcs
  4 ball pythons
  3 endoplasms
  3 giant cockroaches
  3 goblins
  7 hobgoblins
  4 jackals (D:1)
  2 quokkas
  7 bats
  2 frilled lizards
  2 kobolds
  5 rats
  A spectral goblin (D:1)
50 creatures vanquished.

Table legend:
 A = Non-vault XP
 B = Vault XP
 C = Vault XP percentage of total XP
 D = Non-vault monster count
 E = Vault monster count
 F = Vault count percentage of total count
                 A         B        C        D         E       F
            +---------+---------+-------+---------+---------+-------
      Total |     116 |       1 |   0.9 |      49 |       1 |   2.0
            +---------+---------+-------+---------+---------+-------
        D:1 |      37 |       1 |   2.6 |      23 |       1 |   4.2
        D:2 |      72 |       0 |   0.0 |      22 |       0 |   0.0
        D:3 |       7 |       0 |   0.0 |       4 |       0 |   0.0
            +---------+---------+-------+---------+---------+-------

Illustrated notes

Table legend:
 A = Kills in this place as a percentage of kills in entire the game.
 B = Kills by you in this place as a percentage of kills by you in the entire game.
 C = Kills by friends in this place as a percentage of kills by friends in the entire game.
 D = Other kills in this place as a percentage of other kills in the entire game.
 E = Experience gained in this place as a percentage of experience gained in the entire game.
 F = Experience gained in this place divided by the number of levels of this place that you have seen.
                   A       B       C       D       E      F
               +-------+-------+-------+-------+-------+----------------------
         Total | 100.0 | 100.0 |   N/A |   N/A | 100.0 |  39.0
       Dungeon | 100.0 | 100.0 |   N/A |   N/A | 100.0 |  39.0
               +-------+-------+-------+-------+-------+----------------------

Table legend: (Time is in decaauts)
 A = Elapsed time spent in this place.
 B = Non-inter-level travel time spent in this place.
 C = Inter-level travel time spent in this place.
 D = Time resting spent in this place.
 E = Time spent auto-exploring this place.
 F = Levels seen in this place.
 G = Mean time per level.
                   A        B        C        D        E       F      G
               +--------+--------+--------+--------+--------+-----+--------+
         Total |   1840 |   1784 |     56 |    211 |    990 |   3 |  613.3 |
       Dungeon |   1840 |   1784 |     56 |    211 |    990 |   3 |  613.3 |
               +--------+--------+--------+--------+--------+-----+--------+

Top non-repeatable levels by time:
     D:2: 1043 daAuts
     D:1: 710 daAuts
     D:3: 86 daAuts
